AoeStats
← ᅚᅚᅚᅚ

Arena

510011673Analyzed
3v3 RM · 3d ago on Sep 29, 2026· 44m 29s· 6 players
Game mode
Random Map
Map size
Normal (6 player)
Population
200
Speed
Normal
Resources
Standard
Victory
Conquest
Starting age
Dark Age
Ending age
Imperial Age
RankedLock teamsTeams togetherTeam positionsShared explorationLock speedFull tech treeHidden civsTurbo modeCheats
Victory
Defeat
🇨🇴 Teutons · Colombia
1403
+11
🇨🇴 Bohemians · Colombia
1314
+14
🇨🇴 Celts · Colombia
1290
+15
🇨🇱 Japanese · Chile
1294
-14
🇦🇷 Mongols · Argentina
1280
-13
🇨🇱 Sicilians · Chile
1270
-13
Pelantaro
12:15 Feudal Age
16:05 Castle Age
14:04 Double-Bit Axe
15:21 Horse Collar
17:40 Wheelbarrow
18:07 Bow Saw
ᅚᅚᅚᅚ
4:56 Loom
12:09 Feudal Age
12:39 Double-Bit Axe
13:19 Horse Collar
15:41 Castle Age
16:39 Wheelbarrow
17:24 Bow Saw
17:41 Heavy Plow
24:24 Gold Mining
24:24 Stone Mining
25:36 Scale Mail Armor
25:47 Forging
26:08 Hand Cart
25:42 Man-at-Arms
27:39 Gold Shaft Mining
27:08 Squires
27:38 Long Swordsman
28:04 Gambesons
28:36 Chain Mail Armor
28:56 Iron Casting
31:26 Imperial Age
29:02 Treadmill Crane
29:46 Pikeman
30:18 Fletching
30:42 Fortified Wall
31:30 Two-Handed Swordsman
31:40 Halberdier
32:54 Plate Mail Armor
34:02 Blast Furnace
33:48 Arson
33:31 Champion
35:56 Capped Ram
37:31 Bodkin Arrow
41:41 Bracer
42:29 Ballistics
41:56 Arrowslits
42:02 Guard Tower
42:17 Siege Engineers
44:05 Conscription
43:05 Elite Samurai
44:52 Yasama
LORIAN
8:29 Feudal Age
8:34 Loom
9:07 Double-Bit Axe
9:06 Horse Collar
11:45 Gold Mining
14:56 Stone Mining
17:57 Castle Age
16:08 Stone Mining
18:58 Bow Saw
19:03 Heavy Plow
21:01 Stone Shaft Mining
22:04 Scale Barding Armor
26:10 Bloodlines
27:12 Gold Shaft Mining
27:50 Husbandry
30:32 Forging
31:34 Wheelbarrow
30:44 Town Watch
34:00 Imperial Age
32:07 Wheelbarrow
31:43 Fletching
31:53 Padded Archer Armor
33:57 Ballistics
36:20 Chemistry
35:43 Fortified Wall
36:35 Chemistry
38:48 Drill
RAGNAROK
12:16 Feudal Age
14:17 Wheelbarrow
16:57 Castle Age
14:48 Double-Bit Axe
14:44 Horse Collar
17:24 Bloodlines
17:21 Scale Barding Armor
24:22 Chain Barding Armor
26:37 Pikeman
27:18 Squires
28:28 Heavy Plow
28:40 Bow Saw
31:30 Imperial Age
29:43 Forging
29:35 Scale Mail Armor
31:20 Iron Casting
32:13 Chain Mail Armor
32:46 Conscription
32:48 Cavalier
33:16 Halberdier
35:52 Elite Teutonic Knight
37:04 Plate Mail Armor
37:34 Blast Furnace
36:52 Hand Cart
36:22 Loom
37:39 Two-Man Saw
36:51 Masonry
37:15 Crop Rotation
41:32 Town Watch
42:11 Gambesons
42:12 Arson
Mhao
9:12 Feudal Age
10:37 Feudal Age
8:53 Loom
15:35 Castle Age
13:49 Stone Mining
14:29 Double-Bit Axe
14:26 Horse Collar
14:57 Gold Mining
16:23 Heavy Plow
21:52 Wheelbarrow
24:34 Loom
26:37 Scale Mail Armor
28:00 Hand Cart
27:31 Town Watch
28:28 Chain Mail Armor
29:20 Bow Saw
29:06 Town Watch
31:17 Gold Shaft Mining
31:17 Stone Shaft Mining
31:03 Forging
34:51 Imperial Age
33:29 Iron Casting
33:33 Fortified Wall
34:38 Town Patrol
36:18 Conscription
37:15 Plate Mail Armor
42:13 Murder Holes
44:13 Heavy Scorpion
Logan
11:23 Feudal Age
12:42 Wheelbarrow
12:32 Double-Bit Axe
16:07 Castle Age
14:55 Horse Collar
28:12 Loom
35:38 Imperial Age
35:46 Elite Hussite Wagon
36:44 Hand Cart
Connection lost

Rejoining the realm…

Still unreachable

The connection could not be restored.

Session expired

The server has moved on; the page needs a fresh start.